 Dungeon Crawl Stone Soup version 0.31-a0-949-g57150269e1 (webtiles) character file.

Game seed: 10269644156226738821

55 miscthings the Changeling (level 3, 0/23 HPs)
             Began as an Octopode Shapeshifter on Oct 22, 2023.
             Killed by divine providence
             ... invoked by an orc priest
              (14 damage)
             ... on level 3 of the Dungeon.
             The game lasted 00:02:02 (1404 turns).

miscthings the Changeling (Octopode Shapeshifter)   Turns: 1404, Time: 00:02:03

Health: 0/23       AC:  1    Str: 15    XL:     3   Next: 93%
Magic:  3/3        EV: 13    Int: 12    God:
Gold:   89         SH:  0    Dex: 11    Spells: 2/2 levels left

rFire   . .          .
                       - Unarmed
rCold   . . .        (no shield)
rNeg    . . .        (helmet currently unavailable)
rPois   .            (no amulet)
rElec   .            (no ring)
rCorr   .            (no ring)
SInv    .            (no ring)
Will    .....        (no ring)
Stlth   ++           (no ring)
HPRegen 0.23/turn    (no ring)
MPRegen 0.08/turn    (no ring)
                     (no ring)

%: no passive effects
@: beast-form
A: beast (slay +2), almost no armour, amphibious, 8 rings, camouflage 1,
gelatinous body 1, (nimble swimmer 1), tentacles
a: Begin Untransformation


You were on level 3 of the Dungeon.
You were a hulking beast.
You visited 1 branch of the dungeon, and saw 3 of its levels.

You collected 89 gold pieces.

Inventory:

Talismans
 b - a beast talisman (active)
 c - a flux talisman
 p - a maw talisman
Scrolls
 d - 4 scrolls of identify {unknown}
 f - 3 scrolls of fear {unknown}
 g - a scroll of fog {unknown}
 i - 3 scrolls of teleportation {unknown}
 m - a scroll of noise {unknown}
 o - a scroll of blinking {unknown}
Potions
 a - 2 potions of lignification
 e - a potion of haste {unknown}
 h - a potion of cancellation {unknown}
 j - 2 potions of resistance {unknown}
 k - 2 potions of degeneration {unknown}
 l - a potion of might {unknown}
 n - a potion of attraction {unknown}
 r - a potion of curing {unknown}


   Skills:
 - Level 1.0 Fighting
 - Level 2.0 Dodging
 - Level 3.0 Unarmed Combat
 + Level 4.4 Shapeshifting


You had 2 spell levels left.
You didn't know any spells.
Your spell library contained the following spells:

 Spells                   Type           Power      Damage    Failure   Level
 Apportation              Tloc           0%         N/A       32%         1
 Necrotise                Necr           0%         1d4       32%         1
 Summon Small Mammal      Summ           0%         N/A       32%         1


Dungeon Overview and Level Annotations

Branches:
Dungeon (3/15)

Altars:


Innate Abilities, Weirdness & Mutations

You are a hulking beast.
Your limbs bulge with bestial killing power. (Slay +2)
You cannot wear most types of armour.
You are amphibious.
You can wear up to eight rings at the same time.
Your skin changes colour to match your surroundings (Stealth+).
Your rubbery body absorbs attacks. (AC +1, EV +1)
((You are camouflaged when in or above water. (Stealth+)))
You have tentacles for arms and can constrict up to eight enemies at once.


Message History

Your grab misses the giant cockroach.
Your squeeze misses the giant cockroach.
The giant cockroach is severely wounded.
The giant cockroach barely misses you.
Throw: 3 javelins
Press: ? - help, Q - select action Shift-Dir - straight line, f - giant cockroach
Aim: a giant cockroach (severely wounded, 56% to hit)
Okay, then.
Okay, then.
You tentacle-slap the giant cockroach.
You kill the giant cockroach!
Throw: 3 javelins
Press: ? - help, Q - select action Shift-Dir - straight line, f - orc priest
Aim: an orc priest, wielding a +0 dagger (56% to hit)
You throw a javelin.
The javelin hits the orc and shatters for extra damage.
The orc is almost dead.
The orc barely misses you.
Throw: 2 javelins
Press: ? - help, Q - select action Shift-Dir - straight line, f/p - orc priest
Aim: an orc priest, wielding a +0 dagger (54% to hit)
You throw a javelin. The javelin pierces through the orc.
You kill the orc!
The javelin barely misses the jackal.
The javelin pierces through the orc!
You kill the orc!
The javelin pierces through the orc priest!
The orc priest is almost dead.
The jackal bites you.
Throw: javelin
Press: ? - help, Q - select action Shift-Dir - straight line, f/p - orc priest
Aim: an orc priest, wielding a +0 dagger (almost dead, 56% to hit)
You throw a javelin. The javelin pierces through the jackal!
You kill the jackal!
The javelin barely misses the jackal.
The javelin pierces through the orc priest.
The orc priest is almost dead.
The orc priest invokes the aid of Beogh against you.
Beogh smites you!
Ouch! That really hurt!
You die...

#......... #(..o.....
#....h.... #.h.....##
#.o.....# ##.######
#.# ###h######
#...h....# #.#.
#......(.# #.#.
#........# #.#.####
#........# #.#.....
#........# #.#.....
#........# #.#.....
#........# #.#)....
#........# #.##....
#.......)#####.......


You could see an orc priest and 2 jackals.

Vanquished Creatures
  A gnoll (D:3)
  An adder (D:2)
  A worm (D:3)
  3 orcs (D:3)
  A ball python (D:3)
  2 bats
  An endoplasm (D:2)
  3 giant cockroaches
  A goblin (D:1)
  2 hobgoblins (D:1)
  5 jackals
  3 kobolds
  A quokka (D:3)
  A frilled lizard (D:2)
  3 rats
29 creatures vanquished.

Notes
Turn   | Place    | Note
-------+----------+-------------------------------------------
     0 | D:1      | miscthings the Octopode Shapeshifter began the quest for
                  | the Orb.
     0 | D:1      | Reached XP level 1. HP: 13/13 MP: 1/1
   683 | D:1      | Reached XP level 2. HP: 18/18 MP: 2/2
  1155 | D:2      | Reached skill level 4 in Shapeshifting
  1155 | D:2      | Reached XP level 3. HP: 23/23 MP: 3/3
  1404 | D:3      | Killed from afar by an orc priest

Illustrated notes

Levels and vault maps discovered:
D:1:      psy_arrival_radial02, layout_basic
D:2:      layout_basic
D:3:      layout_basic, uniq_terence

Skill      XL: |  1  2 |
---------------+-------+-----
Shapeshifting  | 4 |  4.4
Fighting       | |  1.0
Dodging        | |  2.0
Unarmed Combat | |  3.0

Action                     || total
---------------------------++-------
  Melee: Unarmed           ||    46
         Constrict         ||    12
         Tentacles         ||     8
  Throw: Javelin           ||     3
   Stab: Sleeping          ||     6
 Armour: Skin              ||    20
  Dodge: Dodged            ||    19

Table legend: (Time is in decaauts)
 A = Elapsed time spent in this place.
 B = Non-inter-level travel time spent in this place.
 C = Inter-level travel time spent in this place.
 D = Time resting spent in this place.
 E = Time spent auto-exploring this place.
 F = Levels seen in this place.
 G = Mean time per level.
                   A        B        C        D        E       F      G
               +--------+--------+--------+--------+--------+-----+--------+
         Total |   1402 |   1295 |    107 |      0 |   1069 |   3 |  467.3 |
       Dungeon |   1402 |   1295 |    107 |      0 |   1069 |   3 |  467.3 |
               +--------+--------+--------+--------+--------+-----+--------+

Top non-repeatable levels by time:
     D:1: 884 daAuts
     D:2: 365 daAuts
     D:3: 152 daAuts
